 Dungeon Crawl Stone Soup version 0.19.0-9-gfd783f2 (webtiles) character file.

124 Leibowitz the Cutter (level 5, -3/33 HPs)
             Began as a Kobold Berserker on Nov 7, 2016.
             Was a Believer of Trog.
             Killed from afar by Schimscham's ghost (24 damage)
             ... with a stone arrow
             ... on level 4 of the Dungeon.
             The game lasted 00:07:05 (3163 turns).

Leibowitz the Cutter (Kobold Berserker)             Turns: 3163, Time: 00:07:05

Health: -3/33      AC:  4    Str: 14    XL:     5   Next: 30%
Magic:  5/5        EV: 16    Int:  8    God:    Trog [**....]
Gold:   183        SH:  0    Dex: 16    Spells: 0 memorised, 4 levels left

rFire  . . .     SeeInvis .     a - +0 short sword
rCold  . . .     Gourm    .     p - +0 leather armour
rNeg   . . .     Faith    .     (shield restricted)
rPois  .         Spirit   .     (no helmet)
rElec  .         Reflect  .     o - +0 cloak
rCorr  +         Harm     .     (no gloves)
MR     .....                    (no boots)
Stlth  ++........               (no amulet)
                                (no ring)
                                r - ring of resist corrosion

@: no status effects
A: carnivore 3
a: Berserk, Trog's Hand, Burn Spellbooks, Renounce Religion


You were on level 4 of the Dungeon.
You worshipped Trog.
Trog was pleased with you.
You were very full.

You visited 1 branch of the dungeon, and saw 4 of its levels.

You collected 183 gold pieces.

Inventory:

Hand Weapons
 a - a +0 short sword (weapon)
Armour
 o - a +0 cloak (worn)
 p - a +0 leather armour (worn)
Jewellery
 r - a ring of resist corrosion (left hand)
Scrolls
 b - a scroll of blinking {unknown}
 d - 3 scrolls of enchant weapon {unknown}
 e - a scroll of remove curse {unknown}
 f - 2 scrolls of amnesia {unknown}
 h - 3 scrolls of identify {unknown}
 k - a scroll of magic mapping {unknown}
 m - a scroll of random uselessness {unknown}
Potions
 i - a potion of cancellation {unknown}
 j - 2 potions of haste {unknown}
 l - 2 potions of berserk rage {unknown}
 n - a potion of beneficial mutation {unknown}
 s - a potion of curing {unknown}
 u - a potion of degeneration {unknown}
 v - a potion of flight {unknown}
Books
 q - a book of Callings

   Spells                             Type                      Level
   a - Summon Small Mammal            Summoning                    1
   b - Call Imp                       Summoning                    2
   c - Call Canine Familiar           Summoning                    3
   d - Summon Guardian Golem          Hexes/Summoning              3
   e - Summon Lightning Spire         Summoning/Air                4
   f - Summon Ice Beast               Ice/Summoning                4
   Trog disapproves of the use of such an item.
Comestibles
 c - a meat ration
 g - 3 slices of pizza
 t - a royal jelly


   Skills:
 + Level 4.0 Fighting
 + Level 5.9 Short Blades
 + Level 1.7 Armour
 + Level 3.5 Dodging
 + Level 0.8 Stealth


You had 4 spell levels left.
You didn't know any spells.

Dungeon Overview and Level Annotations

Branches:
Dungeon (4/15)
 Temple: D:4-7

Altars:
Yredelemnul

Annotations:
D:4 Schimscham's ghost, novice DEEE


Innate Abilities, Weirdness & Mutations

You are small and have problems with some larger weapons.
You are carnivorous and can eat meat at any time.


Message History

You kill the adder!
Trog accepts your kill.
You feel sick.
You see here an adder corpse.
You butcher the adder corpse.
You feel sick.
w - a chunk of flesh You start resting.
Eating a chunk of flesh.
You start eating the chunk of flesh.
You feel sick.
This raw flesh tastes great.
You feel sick. x6
You are no longer poisoned.
You start resting.
Something unseen opens the door.
You start resting.
Schimscham's ghost (novice Deep Elf Earth Elementalist) comes into view.
Schimscham's ghost turns its malevolent gaze towards you.
Schimscham's ghost gestures at you while chanting.
The stone arrow hits you!
Ouch! That really hurt!
You die...

.. .. . .# . .#.#
.. ...# ...
#..##.... #...'..
# #..W#
#####.##@..#
...........#
#####.###..#
#........#
#.#.###..# # #
#..#
#.###..#########.
#................
##...............


You could see Schimscham's ghost.

Vanquished Creatures
  Jessica (D:2)
  4 adders
  5 leopard geckos
  2 ball pythons
  5 giant cockroaches
  2 goblins
  7 hobgoblins
  4 jackals (D:1)
  A quokka (D:2)
  A ball python skeleton (D:4)
  5 bats
  5 frilled lizards
  3 kobolds
  12 rats
  A spectral orc (D:2)
  5 toadstools (D:1)
63 creatures vanquished.

Vanquished Creatures (others)
  2 toadstools (D:1)
2 creatures vanquished.

Grand Total: 65 creatures vanquished

Notes
Turn   | Place    | Note
-------+----------+-------------------------------------------
     0 | D:1      | Leibowitz the Kobold Berserker began the quest for the Orb.
     0 | D:1      | Reached XP level 1. HP: 14/14 MP: 1/1
   146 | D:1      | Reached XP level 2. HP: 6/19 MP: 2/2
   841 | D:1      | Reached ** piety under Trog
   841 | D:1      | Reached XP level 3. HP: 23/23 MP: 3/3
  1629 | D:2      | Noticed Jessica
  1637 | D:2      | Killed Jessica
  1637 | D:2      | Reached skill level 5 in Short Blades
  1637 | D:2      | Reached XP level 4. HP: 25/29 MP: 4/4
  2250 | D:2      | Found a basalt altar of Yredelemnul.
  2428 | D:3      | Reached XP level 5. HP: 33/33 MP: 5/5
  3162 | D:4      | Noticed Schimscham's ghost (novice DEEE)
  3163 | D:4      | Killed from afar by Schimscham's ghost

Skill      XL: |  1  2  3  4  5 |
---------------+----------------+-----
Dodging        | 3 |  3.5
Short Blades   | 5 |  5.9
Fighting       | 4 |  4.0
Armour         | |  1.7
Stealth        | |  0.8

Action                   |  1- 3 |  4- 6 || total
-------------------------+-------+-------++-------
Melee: Short sword       |   145 |   105 ||   250
 Stab: Sleeping          |     1 |     2 ||     3
       Distracted        |     1 |       ||     1
  Eat: Chunk             |    11 |     4 ||    15
Armor: Animal skin       |    14 |       ||    14
       Leather armour    |       |    13 ||    13
Dodge: Dodged            |    88 |    65 ||   153
